 Dungeon Crawl Stone Soup version 0.19.1-1-g22dce08 (webtiles) character file.

7294 LORDOFBUTT the Cleaver (level 10, -4/94 HPs)
             Began as a Minotaur Berserker on Jan 16, 2017.
             Was a High Priest of Trog.
             Shot with an arrow by Nessos (22 damage)
             ... on level 2 of the Orcish Mines.
             The game lasted 00:15:08 (9508 turns).

LORDOFBUTT the Cleaver (Minotaur Berserker)         Turns: 9508, Time: 00:15:09

Health: -4/94      AC:  8    Str: 27    XL:     10   Next: 89%
Magic:  3/3        EV: 17    Int:  4    God:    Trog [*****.]
Gold:   962        SH:  0    Dex: 11    Spells: 0 memorised, 9 levels left

rFire  . . .     SeeInvis .     A - +3 war axe (antimagic)
rCold  . . .     Gourm    .     b - +0 animal skin
rNeg   . . .     Faith    .     (no shield)
rPois  +         Spirit   .     (helmet restricted)
rElec  .         Reflect  .     (no cloak)
rCorr  .         Harm     .     s - +2 pair of gloves
MR     .....                    r - +2 pair of boots
Stlth  +.........               (no amulet)
                                x - +3 ring of strength
                                C - ring of poison resistance

@: no status effects
A: retaliatory headbutt, horns 2
a: Berserk, Trog's Hand, Brothers in Arms, Burn Spellbooks, Renounce Religion


You were on level 2 of the Orcish Mines.
You worshipped Trog.
Trog was extremely pleased with you.
You were not hungry.

You visited 2 branches of the dungeon, and saw 12 of its levels.
You also visited: Sewer.

You collected 962 gold pieces.

Inventory:

Hand Weapons
 A - a +3 antimagic war axe (weapon)
Armour
 b - a +0 animal skin (worn)
 r - a +2 pair of boots (worn)
 s - a +2 pair of gloves (worn)
Jewellery
 o - a +5 ring of intelligence
 v - an uncursed ring of wizardry
 x - a +3 ring of strength (right hand)
 C - a ring of poison resistance (left hand)
 N - an uncursed ring of resist corrosion {unknown}
Wands
 m - a wand of iceblast (12/15)
 q - a wand of confusion (27/48)
 y - a wand of acid (4/15)
 K - a wand of enslavement (1/24)
Scrolls
 a - 3 scrolls of recharging
 f - 2 scrolls of enchant armour
 l - a scroll of fog
 p - 3 scrolls of remove curse
 w - a scroll of noise
 z - a scroll of fear
 B - a scroll of blinking
 F - a scroll of identify
 H - a scroll of summoning
 J - a scroll of teleportation
Potions
 d - 2 potions of cancellation
 e - a potion of cure mutation
 g - 2 potions of brilliance
 h - 2 potions of magic
 j - 2 potions of lignification
 n - 5 potions of curing
 u - a potion of flight {unknown}
 D - 3 potions of heal wounds
 E - 2 potions of might
 G - a potion of mutation {unknown}
Comestibles
 c - 4 bread rations
 i - 2 meat rations
 t - 4 slices of pizza
 M - a beef jerky
 O - 3 fruits


   Skills:
 + Level 10.4 Fighting
 * Level 14.0 Axes
 - Level 3.1 Armour
 + Level 9.5 Dodging


You had 9 spell levels left.
You didn't know any spells.

Dungeon Overview and Level Annotations

Branches:
Dungeon (10/15)            Temple (0/1) D:7            Lair (0/6) D:9
    Orc (2/2) D:9
    Elf: Orc:2

Altars:
Ashenzari
Cheibriados
Dithmenos
Ru
Sif Muna
Uskayaw

Annotations:
Orc:2 Nessos


Innate Abilities, Weirdness & Mutations

You reflexively headbutt those who attack you in melee.
You have a pair of horns on your head.


Message History

Nessos blinks!
Nessos wields a runed longbow.
It bursts into flame!
Nessos shoots an arrow.
The arrow hits you! The arrow burns you.
An orc comes into view. It is wielding a hand axe.
Things that are here:
an arrow; 21 gold pieces Nessos shoots an arrow.
The arrow hits you! The arrow burns you.
You see here an arrow. 2 orcs and an orc warrior come into view.
The orc warrior shouts!
The orc shouts! x3
Nessos shoots an arrow.
The arrow closely misses you.
An orc warrior comes into view. It is wielding a long sword.
You see here an arrow.
Nessos shoots an arrow.
The arrow misses you.
Nessos casts a spell.
Nessos seems to speed up.
Nessos shoots an arrow.
The arrow hits you!! The arrow burns you!
* * * LOW HITPOINT WARNING * * *
You see here an arrow.
Nessos shoots an arrow.
The arrow hits you!!
You die...

..##.oo............#
.....o..o.#..........
...........#..........
......c##..............
.............(.........
........#.##((.........
.......................
............(#........#
.............@.)......#
.#.............#.....
#.$#..........#.##.#
##.#.........<# #
###........###
#........## ##.......#
###....## ##...#


You could see Nessos and an orc.

Vanquished Creatures
  A stone giant (Orc:1)
  The ghost of zachydoo the Grappler, a novice VSWn of Kikubaaqudgha (D:8)
  A hill giant (D:10)
  A centaur zombie (D:10)
  The ghost of jab2412 the Chopper, an amateur MiFi (D:4)
  A two-headed ogre (Orc:2)
  A hippogriff (D:7)
  Eustachio (D:4)
  Edmund (D:6)
  2 wargs
  5 orc warriors
  3 sky beasts
  Purgy (Sewer)
  4 ice beasts
  A phantom (D:6)
  3 ogres
  A crocodile (D:9)
  5 bullfrogs
  5 scorpions
  4 killer bees (D:9)
  6 crimson imps
  3 jellies
  3 hounds
  An orc priest (Orc:1)
  4 iguanas
  3 bullfrog skeletons
  Ijyb (D:2)
  8 orc wizards
  12 worker ants
  A hound zombie (D:7)
  2 worker ant zombies
  5 gnolls
  15 adders
  A shadow imp (D:6)
  3 dart slugs
  2 leopard geckos
  36 orcs
  3 ball pythons
  6 giant cockroaches
  8 goblins
  7 hobgoblins
  8 jackals
  5 kobolds
  5 quokkas
  4 bats
  7 frilled lizards
  15 rats
217 creatures vanquished.

Notes
Turn   | Place    | Note
-------+----------+-------------------------------------------
     0 | D:1      | LORDOFBUTT the Minotaur Berserker began the quest for the Orb.
     0 | D:1      | Reached XP level 1. HP: 19/19 MP: 0/0
   415 | D:1      | Reached skill level 4 in Axes
   439 | D:1      | Reached XP level 2. HP: 27/27 MP: 1/1
   700 | D:1      | Reached XP level 3. HP: 32/33 MP: 2/2
  1192 | D:2      | Noticed Ijyb
  1202 | D:2      | Killed Ijyb
  1298 | D:2      | Reached XP level 4. HP: 31/40 MP: 3/3
  1474 | D:2      | Reached skill level 5 in Axes
  1674 | D:2      | Found a deep blue altar of Sif Muna.
  2061 | D:3      | Reached ** piety under Trog
  2464 | D:3      | Reached XP level 5. HP: 41/47 MP: 4/4
  3329 | D:3      | Reached skill level 6 in Axes
  3377 | D:4      | Noticed Eustachio
  3391 | D:4      | Reached XP level 6. HP: 50/55 MP: 5/5
  3398 | D:4      | Killed Eustachio
  3398 | D:4      | Reached skill level 5 in Fighting
  3631 | D:4      | Reached *** piety under Trog
  3664 | D:4      | Reached skill level 7 in Axes
  3669 | D:4      | Reached XP level 7. HP: 49/61 MP: 6/6
  3871 | D:4      | Noticed jab2412's ghost (amateur MiFi)
  3878 | D:4      | Killed jab2412's ghost
  3878 | D:4      | Reached skill level 8 in Axes
  3878 | D:4      | Reached skill level 5 in Dodging
  4359 | D:4      | Reached XP level 8. HP: 65/70 MP: 7/7
  4687 | D:5      | Entered Level 5 of the Dungeon
  4698 | D:5      | Found a sacrificial altar of Ru.
  4711 | D:5      | Found a hide-covered altar of Uskayaw.
  4711 | D:5      | Found a snail-covered altar of Cheibriados.
  4712 | D:5      | Found a shattered altar of Ashenzari.
  4885 | D:5      | Reached skill level 9 in Axes
  4913 | D:5      | Found a shadowy altar of Dithmenos.
  5540 | D:6      | Reached **** piety under Trog
  5559 | D:6      | Noticed Edmund
  5571 | D:6      | Killed Edmund
  5571 | D:6      | Reached skill level 10 in Axes
  5922 | D:6      | Found a glowing drain.
  5926 | Sewer    | Entered a sewer
  5962 | Sewer    | Noticed Purgy
  5967 | Sewer    | Killed Purgy
  6198 | D:7      | Found a staircase to the Ecumenical Temple.
  6209 | D:7      | Noticed a hippogriff
  6218 | D:7      | Reached XP level 9. HP: 80/80 MP: 8/8
  6327 | D:7      | Reached skill level 11 in Axes
  6331 | D:7      | Gained mutation: You tend to lose your temper in combat. [mutagenic meat]
  6504 | D:7      | Lost mutation: You tend to lose your temper in combat. [potion of cure mutation]
  6655 | D:8      | Noticed zachydoo's ghost (novice VSWn)
  6662 | D:8      | Killed zachydoo's ghost
  6662 | D:8      | Reached ***** piety under Trog
  6881 | D:8      | Reached skill level 12 in Axes
  7407 | D:9      | Reached XP level 10. HP: 91/91 MP: 9/9
  7443 | D:9      | Found a staircase to the Orcish Mines.
  7949 | D:9      | Found a staircase to the Lair.
  8556 | D:10     | Entered Level 10 of the Dungeon
  8556 | D:10     | Noticed a hill giant
  8561 | D:10     | Killed a hill giant
  8561 | D:10     | Reached skill level 13 in Axes
  8711 | Orc:1    | Entered Level 1 of the Orcish Mines
  8778 | Orc:1    | Reached skill level 10 in Fighting
  8824 | Orc:1    | Received a gift from Trog
  9159 | Orc:1    | Noticed a stone giant
  9170 | Orc:1    | Killed a stone giant
  9170 | Orc:1    | Reached skill level 14 in Axes
  9470 | Orc:2    | Entered Level 2 of the Orcish Mines
  9500 | Orc:2    | Noticed Nessos
  9508 | Orc:2    | Shot with an arrow by Nessos

Skill      XL: |  1  2  3  4  5  6  7  8  9 10 |
---------------+-------------------------------+-----
Axes           | 4 5 6 7 8 10 12 14 | 14.0
Fighting       | 4 5 6 7 9 10 | 10.4
Armour         | 3 |  3.1
Dodging        | 3 4 5 6 8 9 |  9.5

Action                   |  1- 3 |  4- 6 |  7- 9 | 10-12 || total
-------------------------+-------+-------+-------+-------++-------
Melee: Hand axe          |    51 |    11 |       |       ||    62
       Headbutt          |     8 |    13 |    45 |    27 ||    93
       War axe           |       |    97 |   228 |   105 ||   430
Invok: Berserk           |     2 |     2 |     3 |     2 ||     9
       Burn Spellbooks   |       |       |       |     2 ||     2
  Use: Scroll            |     4 |    11 |    11 |     2 ||    28
       Potion            |       |       |     1 |       ||     1
 Stab: Distracted        |     1 |       |       |       ||     1
       Sleeping          |     1 |       |     1 |     1 ||     3
  Eat: Chunk             |     3 |     8 |    11 |     5 ||    27
       Fruit             |       |       |     3 |       ||     3
       Beef jerky        |       |       |     2 |       ||     2
       Meat ration       |       |       |       |     1 ||     1
Armor: Animal skin       |     7 |    12 |    45 |    12 ||    76
Dodge: Dodged            |    22 |    74 |   148 |    58 ||   302
